 Dungeon Crawl Stone Soup version 0.30-a0-55-g90e3122c3a (webtiles) character file.

Game seed: 7255029756527877068

163 Newt the Trooper (level 5, -7/42 HPs)
             Began as a Demonspawn Gladiator on Sept 9, 2022.
             Mangled by a wyvern (15 damage)
             ... on level 4 of the Dungeon.
             The game lasted 00:06:01 (4453 turns).

Newt the Trooper (Demonspawn Gladiator)             Turns: 4453, Time: 00:06:02

Health: -7/42      AC:  5    Str: 15    XL:     5   Next: 20%
Magic:  5/5        EV: 14    Int: 13    God:
Gold:   1215       SH:  6    Dex: 11    Spells: 4/4 levels left

rFire   . . .      SeeInvis .    a - +4 short sword
rCold   . . .      Faith    .    q - +0 kite shield
rNeg    . . .      Spirit   .    f - +0 leather armour
rPois   .          Reflect  .    c - +0 helmet
rElec   .          Harm     .    (no cloak)
rCorr   .          Rampage  .    (no gloves)
Will    ++...                    s - +0 pair of boots
Stlth   +++.......               (no amulet)
HPRegen 0.14/turn                w - ring of Maq Gopt {EV+4 Int+2 Dex-5 Stlth+}
MPRegen 0.18/turn                x - ring "Moegumow" {*Corrode Fly Will++ Int+2 Slay+4}

@: flying, hasted, studying Short Blades, very quick
A: claws 1, magic regeneration
a: no special abilities


You were on level 4 of the Dungeon.
You visited 1 branch of the dungeon, and saw 4 of its levels.

You collected 1215 gold pieces.

Inventory:

Hand Weapons
 a - a +4 short sword (weapon)
 b - a +0 sling
 i - a +0 rapier
 m - a +0 short sword of draining
Missiles
 e - a javelin
 p - 2 poisoned darts (quivered)
 A - 3 silver boomerangs
Armour
 c - a +0 helmet (worn)
 f - a +0 leather armour (worn)
 q - a +0 kite shield (worn)
 s - a +0 pair of boots (worn)
Jewellery
 j - a +4 ring of evasion
 w - the ring of Maq Gopt (left claw) {EV+4 Int+2 Dex-5 Stlth+}
   (You acquired it on level 2 of the Dungeon)

   [ring of evasion]

   EV:        It affects your evasion (+4).
   Int:       It affects your intelligence (+2).
   Dex:       It affects your dexterity (-5).
   Stlth:     It makes you more stealthy.
 x - the ring "Moegumow" (right claw) {*Corrode Fly Will++ Int+2 Slay+4}
   (You acquired it on level 2 of the Dungeon)

   [ring of slaying]

   Int:       It affects your intelligence (+2).
   Slay:      It affects your accuracy & damage with ranged weapons and melee
   (+4).
   Fly:       It grants you flight.
   *Corrode:  It may corrode you when you take damage.
   Will:      It greatly increases your willpower.
Scrolls
 g - 2 scrolls of teleportation
 h - 2 scrolls of poison
 k - a scroll of magic mapping {unknown}
 l - a scroll of summoning {unknown}
 n - a scroll of fear {unknown}
 y - 2 scrolls of identify
 z - 2 scrolls of enchant armour {unknown}
Potions
 o - a potion of attraction
 r - a potion of magic {unknown}
 u - a potion of curing
 v - a potion of might {unknown}


   Skills:
 - Level 4.0 Fighting
 - Level 2.6 Short Blades
 - Level 1.7 Throwing
 - Level 2.6 Dodging
 + Level 3.5 Stealth


You had 4 spell levels left.
You didn't know any spells.
Your spell library contained the following spells:

 Spells                   Type           Power      Damage    Failure   Level
 Foxfire                  Conj/Fire      0%         2x1d4     80%         1
 Blink                    Tloc           0%         N/A       91%         2
 Static Discharge         Conj/Air       0%         3-3/arc   91%         2
 Conjure Flame            Conj/Fire      0%         6-21      99%         3
 Inner Flame              Hex/Fire       0%         N/A       99%         3
 Flame Wave               Conj/Fire      0%         2d4       100%        4
 Lightning Bolt           Conj/Air       0%         1d11      100%        5
 Manifold Assault         Tloc           0%         N/A       100%        5
 Storm Form               Tmut/Air       0%         N/A       100%        7
 Maxwell's Capacitive Co  Air            0%         ∞         100%        8


Dungeon Overview and Level Annotations

Branches:
Dungeon (4/15)
 Temple: D:4-7

Altars:

Shops:
D:1 *


Innate Abilities, Weirdness & Mutations

You have sharp fingernails.
You regenerate magic rapidly.


Message History

You throw a poisoned dart.
The poisoned dart closely misses the wyvern.
Unknown command.
You barely miss the wyvern. The wyvern bites you!
You block the wyvern's attack.
You hit the wyvern.
The wyvern is lightly wounded.
The wyvern closely misses you. The wyvern bites you!
Throw: throwing net
Press: ? - help, Shift-Dir - straight line, f/p - wyvern
Aim: a wyvern (moderately wounded, poisoned, 63% to hit)
You throw a throwing net. The throwing net hits the wyvern.
The wyvern is caught in the net!
The wyvern is moderately wounded.
The wyvern looks more healthy.
The wyvern struggles against the net.
You hit the wyvern.
The wyvern is heavily wounded.
The wyvern struggles against the net. x2
You hit the wyvern.
The wyvern is severely wounded.
The wyvern struggles against the net.
The net rips apart, and the wyvern comes free!
The wyvern bites you!
* * * LOW HITPOINT WARNING * * *
You feel better. The wyvern bites you.
* * * LOW HITPOINT WARNING * * *
Okay, then.
You feel yourself speed up. The wyvern closely misses you.
The wyvern misses you.
Unknown command.
You hit the wyvern.
The wyvern is severely wounded.
You block the wyvern's attack.
You hit the wyvern.
The wyvern is almost dead.
The wyvern barely misses you.
You closely miss the wyvern.
The wyvern is almost dead.
The wyvern bites you!
You die...

. # # #.#.#.
>.....##########.
.......@.........
......l..#.######
.#..#.##.#.#
...... #<#.#
.#..# #.#.# ....
....# ..( ......
<. ......#
####.###


You could see a wyvern.

Vanquished Creatures
  An orc wizard (D:3)
  7 adders
  4 worms
  2 dart slugs
  2 orcs (D:3)
  4 bats
  10 endoplasms
  2 giant cockroaches
  7 goblins
  3 hobgoblins
  3 jackals (D:1)
  A frilled lizard (D:1)
  5 kobolds
  8 rats
59 creatures vanquished.

Vanquished Creatures (others)
  24 plants (D:3)
24 creatures vanquished.

Grand Total: 83 creatures vanquished

Notes
Turn   | Place    | Note
-------+----------+-------------------------------------------
     0 | D:1      | Newt the Demonspawn Gladiator began the quest for the Orb.
     0 | D:1      | Reached XP level 1. HP: 16/16 MP: 1/1
    96 | D:1      | Reached skill level 1 in Stealth
   303 | D:1      | Gained mutation: You regenerate magic rapidly. [demonic
                  | ancestry]
   303 | D:1      | Reached XP level 2. HP: 18/19 MP: 2/2
  1101 | D:1      | Found Ashaq's General Store.
  1443 | D:2      | Gained mutation: You have sharp fingernails. [demonic
                  | ancestry]
  1443 | D:2      | Reached XP level 3. HP: 14/28 MP: 3/3
  1450 | D:2      | Reached skill level 3 in Fighting
  2161 | D:2      | Reached XP level 4. HP: 31/37 MP: 4/4
  2511 | D:2      | Identified 4 scrolls of acquirement
  2511 | D:2      | Acquired the ring of Maq Gopt {EV+4 Int+2 Dex-5 Stlth+}
  2515 | D:2      | Reached skill level 4 in Fighting
  2516 | D:2      | Acquired a manual of Short Blades
  2518 | D:2      | Acquired the ring "Moegumow" {*Corrode Fly Will++ Int+2
                  | Slay+4}
  2521 | D:2      | Acquired 1072 gold pieces
  3776 | D:3      | Reached XP level 5. HP: 19/42 MP: 5/5
  4440 | D:4      | Noticed a wyvern
  4448 | D:4      | HP: 2/42 [wyvern (16)]
  4453 | D:4      | Mangled by a wyvern

Illustrated notes

Levels and vault maps discovered:
D:1:      minmay_arrival_widening_spiral_wide, layout_basic, serial_shops,
          nicolae_shop_hallway_plus
D:2:      layout_loops_corners, serial_rivers, chequers_serial_rivers_micro_b,
          chequers_serial_rivers_micro_b, chequers_serial_rivers_small_b,
          chequers_serial_rivers_small_b, chequers_serial_rivers_small_b,
          chequers_serial_rivers_small_a
D:3:      layout_basic, mainiacjoe_overflow_cross_hatched, minivault_26
D:4:      minmay_spotlight, layout_basic, mainiacjoe_overflow_small_starburst,
          minmay_close_crescents, uniq_blork_the_orc, uniq_duvessa

Skill      XL: |  1  2  3  4 |
---------------+-------------+-----
Stealth        | 1 2 3 |  3.5
Fighting       | 3 4 |  4.0
Short Blades   | |  2.6
Throwing       | |  1.7
Dodging        | |  2.6

Action                   |  1- 3 |  4- 6 || total
-------------------------+-------+-------++-------
Melee: Rapier            |     3 |       ||     3
       Short sword       |    83 |    57 ||   140
 Fire: Sling             |    45 |       ||    45
Throw: Throwing net      |     4 |     1 ||     5
       Dart              |     1 |     3 ||     4
       Javelin           |     1 |       ||     1
  Use: Scroll            |     1 |     8 ||     9
       Potion            |     1 |     3 ||     4
 Stab: Sleeping          |     1 |     7 ||     8
       Held in net/web   |     1 |       ||     1
       Distracted        |       |     1 ||     1
Armor: Leather armour    |    31 |     7 ||    38
Dodge: Dodged            |    54 |    21 ||    75
Block: Kite shield       |    14 |     9 ||    23

Table legend: (Time is in decaauts)
 A = Elapsed time spent in this place.
 B = Non-inter-level travel time spent in this place.
 C = Inter-level travel time spent in this place.
 D = Time resting spent in this place.
 E = Time spent auto-exploring this place.
 F = Levels seen in this place.
 G = Mean time per level.
                   A        B        C        D        E       F      G
               +--------+--------+--------+--------+--------+-----+--------+
         Total |   4485 |   4402 |     83 |   1102 |   2795 |   4 | 1121.2 |
       Dungeon |   4485 |   4402 |     83 |   1102 |   2795 |   4 | 1121.2 |
               +--------+--------+--------+--------+--------+-----+--------+

Top non-repeatable levels by time:
     D:2: 1554 daAuts
     D:3: 1469 daAuts
     D:1: 1440 daAuts
     D:4: 20 daAuts
